 Dungeon Crawl Stone Soup version 0.30-a0-310-g7d6cbdfea6 (webtiles) character file.

Game seed: 2197830767772701094

5922 Lanoc the Grappler (level 10, -2/80 HPs)
             Began as a Demonspawn Chaos Knight on Oct 24, 2022.
             Was an Initiate of Wu Jian.
             Slain by an orc warrior
             ... wielding a +2 hand axe of electrocution
              (8 damage)
             ... on level 9 of the Dungeon.
             The game lasted 00:16:02 (8390 turns).

Lanoc the Grappler (Demonspawn Chaos Knight)        Turns: 8390, Time: 00:16:03

Health: -2/80      AC:  7    Str: 14 (15) XL:     10   Next: 53%
Magic:  0/11       EV: 14    Int: 13      God:    Wu Jian [......]
Gold:   417        SH:  0    Dex: 13      Spells: 9/9 levels left

rFire   . . .      SeeInvis .      - Unarmed
rCold   . . .      Faith    .    (no shield)
rNeg    . . .      Spirit   +    l - +2 leather armour {rPois}
rPois   +          Reflect  .    j - +2 hat
rElec   .          Harm     .    (cloak unavailable)
rCorr   .          Rampage  .    (no gloves)
Will    .....                    (no boots)
Stlth   +.........               q - amulet of guardian spirit
HPRegen 0.33/turn                E - ring of flight
MPRegen 0.12/turn                (no ring)

@: flying, slowed, unable to read, very slow
A: claws 1, horns 2, spiny 1, weakness stinger 3, deterioration 1, high MP 1,
weak 1, subdued magic 1, inability to read after injury 1
a: Renounce Religion


You were on level 9 of the Dungeon.
You worshipped Wu Jian.
Wu Jian was noncommittal.
You visited 2 branches of the dungeon, and saw 10 of its levels.

You collected 447 gold pieces.
You spent 30 gold pieces at shops.

Inventory:

Hand Weapons
 a - a +0 mace of chaos
Missiles
 I - 2 throwing nets
Armour
 g - an orb of energy
 j - a +2 hat (worn)
 l - a +2 leather armour of poison resistance (worn)
Jewellery
 q - an amulet of guardian spirit (around neck)
 E - a ring of flight (left claw)
Wands
 x - a wand of roots (20)
 y - a wand of paralysis (9)
 L - a wand of flame (13)
Scrolls
 d - 2 scrolls of fog {unknown}
 e - 2 scrolls of amnesia {unknown}
 i - a scroll of acquirement {unknown}
 k - 5 scrolls of fear {unknown}
 n - 2 scrolls of blinking {unknown}
 r - a scroll of silence {unknown}
 s - 9 scrolls of teleportation {unknown}
 t - 2 scrolls of poison {unknown}
 u - 2 scrolls of magic mapping {unknown}
 v - 10 scrolls of identify {unknown}
 w - a scroll of enchant armour {unknown}
 B - a scroll of vulnerability {unknown}
 C - 5 scrolls of enchant weapon {unknown}
 D - a scroll of torment {unknown}
 F - a scroll of summoning {unknown}
 G - 2 scrolls of noise {unknown}
Potions
 b - a potion of mutation
 f - 4 potions of curing
 h - a potion of flight
 m - 2 potions of berserk rage {unknown}
 o - a potion of attraction {unknown}
 p - a potion of heal wounds {unknown}
 z - a potion of haste {unknown}
 A - a potion of magic {unknown}
 H - a potion of resistance {unknown}
 J - a potion of lignification {unknown}
 K - a potion of brilliance {unknown}
Miscellaneous
 c - a piece from Xom's chessboard (12/15) (quivered)


   Skills:
 + Level 8.1 Fighting
 - Level 3.0 Maces & Flails
 + Level 7.0 Armour
 + Level 6.8 Dodging
 * Level 8.4 Unarmed Combat


You had 9 spell levels left.
You didn't know any spells.
Your spell library contained the following spells:

 Spells                   Type           Power      Damage    Failure   Level
 Sandblast                Erth           0%         2d4       32%         1
 Ensorcelled Hibernation  Hex/Ice        0%         N/A       45%         2
 Passwall                 Tmut/Erth      0%         N/A       45%         2
 Spider Form              Tmut/Pois      0%         N/A       69%         3
 Stone Arrow              Conj/Erth      0%         3d7       69%         3
 Swiftness                Air            0%         N/A       69%         3
 Anguish                  Hex/Necr       0%         N/A       98%         4


Dungeon Overview and Level Annotations

Branches:
Dungeon (9/15)             Temple (1/1) D:7             Orc (0/2) D:9
   Lair: D:8-11

Altars:
Ashenzari
Cheibriados
Dithmenos
Gozag
Hepliaklqana
Kikubaaqudgha
Makhleb
Nemelex Xobeh
Okawaru
Qazlal
Ru
Sif Muna
Trog
Vehumet
Wu Jian
Xom
Yredelemnul

Shops:
D:6 *   D:9 (


Innate Abilities, Weirdness & Mutations

You have sharp fingernails.
You have a pair of horns on your head.
You are partially covered in sharp spines.
You have a sharp stinger which inflicts weakening toxins.
Your body sometimes deteriorates upon taking damage.
You have an increased reservoir of magic. (+10% MP)
You are weak. (Str -2)
Your spells are a little easier to cast, but a little less powerful.
You occasionally lose the ability to read scrolls when taking damage.


Message History

The killer bee completely misses you.
You feel your intelligence returning.
You miss the killer bee.
The killer bee is struck by your spines.
The killer bee stings you but does no damage.
The killer bee is struck by your spines.
The killer bee barely misses you.
The killer bee is struck by your spines.
The killer bee closely misses you.
You scratch the killer bee. Your headbutt misses the killer bee.
The killer bee is almost dead.
The killer bee is struck by your spines.
You kill the killer bee!
The Council accepts your kill.
The killer bee is struck by your spines.
The killer bee stings you.
You claw the killer bee!
You kill the killer bee!
The Council accepts your kill.
You completely miss the orc warrior.
Your tail-slap misses the orc warrior.
The orc warrior is struck by your spines.
The orc warrior hits you with a +2 hand axe of electrocution!
You completely miss the orc warrior.
The orc warrior is lightly wounded.
The orc warrior hits you but does no damage.
The orc warrior barely misses you.
The orc warrior attacks as you move away!
The orc warrior hits you with a +2 hand axe of electrocution.
* * * LOW HITPOINT WARNING * * *
The orc warrior attacks as you move away!
The orc warrior is struck by your spines.
The orc warrior hits you with a +2 hand axe of electrocution.
* * * LOW HITPOINT WARNING * * *
You are electrocuted!
You feel threatened and lose the ability to read scrolls!
* * * LOW HITPOINT WARNING * * *
The orc warrior is struck by your spines.
The orc warrior hits you with a +2 hand axe of electrocution!
You die...
Xom laughs nastily!

#.#.#...#..##..
#...#####...... .....#
#.........##### ....#
#.........# ....#
####......#..# #...#
#...####.....# ## #.#.#
#.#.#..##########. #.#.#
#.#.#..##.......#.
###...###@..#..##...###'#.
#..†ooYoo...#..##...#.....
#.....####....#.......#.##..
....8.. #....#########.....
......Y ###### #####.
...oYo. #. ....ooY #.
....... #. ....... #.


You could see a yak, an orc warrior and 3 orcs.

Vanquished Creatures
  A two-headed ogre (D:8)
  Pikel (D:7)
  Joseph (D:8)
  Maggie (D:8)
  Prince Ribbit (D:8)
  3 yaks (D:9)
  A vampire (D:7)
  2 wyverns
  A hog (shapeshifter) (D:4)
  A basilisk (D:8)
  Menkaure (D:5)
  2 water moccasins
  A swamp drake (D:6)
  4 sky beasts
  An ice beast (D:8)
  A centaur (D:6)
  2 ogres
  A lemure (D:7)
  2 bullfrogs (D:7)
  2 necrophages (D:5)
  3 scorpions
  8 wights
  2 killer bees (D:9)
  A vampire bat (D:6)
  2 orc priests
  Crazy Yiuf (D:5)
  3 gnoll boudas
  3 hounds
  6 iguanas
  Terence (D:2)
  4 orc wizards
  Natasha (twice) (D:2)
  11 gnolls
  6 adders
  3 white imps
  4 worms
  3 dart slugs
  18 orcs
  5 ball pythons
  8 endoplasms
  3 giant cockroaches
  7 hobgoblins
  3 jackals (D:1)
  3 quokkas
  8 bats
  5 frilled lizards
  2 goblins (D:3)
  6 kobolds
  6 rats
  A butterfly (D:6)
168 creatures vanquished.

Vanquished Creatures (others)
  An orc (D:6)
  9 plants (D:6)
10 creatures vanquished.

Grand Total: 178 creatures vanquished

Notes
Turn   | Place    | Note
-------+----------+-------------------------------------------
     0 | D:1      | Lanoc the Demonspawn Chaos Knight began the quest for the
                  | Orb.
     0 | D:1      | Reached XP level 1. HP: 18/18 MP: 1/1
    29 | D:1      | Reached skill level 1 in Dodging
    62 | D:1      | XOM: butterfly on damage
   207 | D:1      | Discovered your monstrous ancestry.
   207 | D:1      | Gained mutation: You have a pair of small horns on your
                  | head. [demonic ancestry]
   207 | D:1      | Reached XP level 2. HP: 22/24 MP: 2/2
   667 | D:2      | Gained mutation: You have a pair of horns on your head.
                  | [demonic ancestry]
   667 | D:2      | Reached XP level 3. HP: 27/29 MP: 3/3
   668 | D:2      | XOM: noise
   696 | D:2      | Noticed Natasha
   700 | D:2      | Killed Natasha
   729 | D:2      | XOM: silly message
   869 | D:2      | XOM: silly message
   885 | D:2      | Noticed Terence
   895 | D:2      | Killed Terence
   896 | D:2      | Gained mutation: You have a small tail. [demonic ancestry]
   896 | D:2      | Reached XP level 4. HP: 24/37 MP: 4/4
  1292 | D:2      | Noticed Natasha
  1298 | D:2      | XOM: divination: detect creatures
  1303 | D:2      | Killed Natasha
  1574 | D:3      | XOM: god gift: book of Geomancy
  1625 | D:3      | XOM: noise
  1847 | D:3      | Gained mutation: You have a tail ending in a sharp stinger.
                  | [demonic ancestry]
  1847 | D:3      | Reached XP level 5. HP: 42/42 MP: 5/5
  1942 | D:3      | XOM: 5-stop teleportation journey
  1953 | D:3      | Found a shadowy altar of Dithmenos.
  1954 | D:3      | Found a shimmering altar of Xom.
  1984 | D:3      | XOM: give mutations
  1984 | D:3      | Gained mutation: You occasionally shout uncontrollably at
                  | your foes. [Xom's mischief]
  1984 | D:3      | Gained mutation: You are weak. (Str -2) [Xom's mischief]
  1984 | D:3      | Gained mutation: You are frail. (-10% HP) [Xom's mischief]
  2213 | D:3      | XOM: 2-stop teleportation journey
  2524 | D:4      | a worm changed into a shapeshifter
  2524 | D:4      | Noticed a shapeshifter (shapeshifter)
  2524 | D:4      | a shapeshifter changed into a golden eye
  2524 | D:4      | Noticed a golden eye (shapeshifter)
  2528 | D:4      | a golden eye changed into a polar bear
  2528 | D:4      | Noticed a polar bear (shapeshifter)
  2529 | D:4      | a polar bear changed into a hog
  2529 | D:4      | Noticed a hog (shapeshifter)
  2532 | D:4      | XOM: silly message
  2534 | D:4      | Killed a hog
  2535 | D:4      | Gained mutation: You have sharp fingernails. [demonic
                  | ancestry]
  2535 | D:4      | Reached XP level 6. HP: 36/44 MP: 4/6
  2720 | D:4      | Found a snail-covered altar of Cheibriados.
  2878 | D:4      | Found a sparkling altar of Nemelex Xobeh.
  2936 | D:4      | XOM: 6-stop teleportation journey
  3122 | D:4      | XOM: give mutations
  3122 | D:4      | Lost mutation: You are frail. (-10% HP) [Xom's mischief]
  3122 | D:4      | Gained mutation: Your body sometimes deteriorates upon
                  | taking damage. [Xom's mischief]
  3122 | D:4      | Gained mutation: You are very weak. (Str -4) [Xom's
                  | mischief]
  3124 | D:4      | XOM: scenery: 1 doors close
  3224 | D:4      | XOM: god gift: viscous clear potion {god gift}
  3246 | D:4      | Lost mutation: You occasionally shout uncontrollably at
                  | your foes. [potion of mutation]
  3246 | D:4      | Lost mutation: You are very weak. (Str -4) [potion of
                  | mutation]
  3246 | D:4      | Gained mutation: Your flesh is heat resistant. (rF+)
                  | [potion of mutation]
  3246 | D:4      | Gained mutation: Your spells are a little easier to cast,
                  | but a little less powerful. [potion of mutation]
  3246 | D:4      | Gained mutation: You have an increased reservoir of magic.
                  | (+10% MP) [potion of mutation]
  3262 | D:4      | XOM: give mutation
  3262 | D:4      | Lost mutation: Your flesh is heat resistant. (rF+) [Xom's
                  | mischief]
  3317 | D:5      | Entered Level 5 of the Dungeon
  3340 | D:4      | Reached skill level 1 in Unarmed Combat
  3484 | D:5      | XOM: potion effect (curing)
  3534 | D:5      | Reached skill level 5 in Fighting
  3534 | D:5      | Gained mutation: You are partially covered in sharp spines.
                  | [demonic ancestry]
  3534 | D:5      | Reached XP level 7. HP: 32/56 MP: 7/7
  3721 | D:5      | Found a runed translucent door.
  3722 | D:5      | Noticed Crazy Yiuf
  3789 | D:5      | Noticed Menkaure
  3799 | D:5      | Killed Menkaure
  3885 | D:5      | XOM: 2-stop teleportation journey
  3886 | D:5      | XOM: blink monster(s)
  4063 | D:5      | Gained mutation: You have a sharp stinger which inflicts
                  | weakening toxins. [demonic ancestry]
  4063 | D:5      | Reached XP level 8. HP: 58/63 MP: 8/8
  4099 | D:5      | XOM: summons friendly white imp
  4312 | D:5      | Killed Crazy Yiuf
  4496 | D:6      | XOM: divination: detect items
  4523 | D:5      | XOM: silly message
  4601 | D:5      | XOM: noise
  4742 | D:6      | Found Neluost's General Store.
  4760 | D:6      | Reached skill level 5 in Armour
  4844 | D:6      | XOM: noise
  4866 | D:6      | Bought a potion of curing for 30 gold pieces
  4889 | D:6      | XOM: enchant monster (bad)
  5001 | D:6      | Reached skill level 5 in Unarmed Combat
  5003 | D:6      | Reached skill level 5 in Dodging
  5092 | D:6      | XOM: swap monsters
  5521 | D:7      | Reached XP level 9. HP: 71/71 MP: 9/9
  5591 | D:7      | XOM: swap monsters
  5664 | D:7      | XOM: smoke on damage
  5697 | D:7      | XOM: summons 4 hostile shadow creatures
  5899 | D:6      | XOM: silly message
  6129 | D:7      | Noticed Pikel
  6132 | D:7      | XOM: summons 3 friendly demons
  6143 | D:7      | Killed Pikel
  6183 | D:7      | XOM: silly message
  6330 | D:7      | Found a staircase to the Ecumenical Temple.
  6336 | Temple   | Entered the Ecumenical Temple
  6582 | D:7      | XOM: noise
  6711 | D:7      | XOM: silly message
  6892 | D:7      | XOM: divination: magic mapping
  7056 | Temple   | Fell from the grace of Xom
  7056 | Temple   | Became a worshipper of the Wu Jian Council
  7105 | D:8      | Noticed a two-headed ogre
  7251 | D:8      | Noticed Joseph
  7272 | D:8      | Killed Joseph
  7494 | D:8      | Killed a two-headed ogre
  7495 | D:8      | Reached XP level 10. HP: 79/79 MP: 11/11
  7518 | D:8      | Noticed Prince Ribbit
  7541 | D:8      | Killed Prince Ribbit
  7628 | D:8      | XOM: 5-stop teleportation journey
  7778 | D:8      | Noticed Maggie
  7799 | D:8      | Killed Maggie
  8177 | D:9      | Found Riaczahi's Weapon Emporium.
  8356 | D:9      | Found a staircase to the Orcish Mines.
  8377 | D:9      | XOM: give mutations
  8377 | D:9      | Gained mutation: Your body often deteriorates upon taking
                  | damage. [Xom's mischief]
  8377 | D:9      | Gained mutation: You occasionally lose the ability to read
                  | scrolls when taking damage. [Xom's mischief]
  8377 | D:9      | Lost mutation: Your body often deteriorates upon taking
                  | damage. [Xom's mischief]
  8390 | D:9      | Slain by an orc warrior

Illustrated notes

Levels and vault maps discovered:
D:1:      amcnicky_arrival_single_pillar, layout_basic
D:2:      layout_basic, grunt_decor_mini_mirrors, uniq_terence, uniq_natasha
D:3:      layout_loops_ring, nicolae_overflow_squiral
D:4:      layout_gridville, nicolae_tso_carved_into_rock,
          grunt_temple_overflow_open
D:5:      layout_cave_pools, uniq_menkaure, uniq_crazy_yiuf_cottage
D:6:      layout_gridville, serial_shops, shop, roderic_batcave,
          supply_closet_lemuel, nicolae_grassy_gnolls
D:7:      layout_loops_cross, marbit_many_paths,
          minmay_temple_entry_butterflies, uniq_pikel
D:8:      layout_rooms, serial_bayou_crossing, uniq_joseph, uniq_prince_ribbit1,
          uniq_maggie
D:9:      layout_stronghold, nicolae_uskayaw_murder_on_the_dancefloor,
          david_orc_2, serial_shops, nicolae_shop_stone
Temple:   eino_temple_lava

Skill      XL: |  1  2  3  4  5  6  7  8  9 10 |
---------------+-------------------------------+-----
Dodging        | 1 2 3 4 5 6 |  6.8
Armour         | 2 3 4 5 6 7 |  7.0
Maces & Flails | 3 |  3.0
Fighting       | 4 5 6 7 8 |  8.1
Unarmed Combat | 1 3 5 7 8 |  8.4

Action                   |  1- 3 |  4- 6 |  7- 9 | 10-12 || total
-------------------------+-------+-------+-------+-------++-------
Melee: Mace              |    79 |   180 |   183 |       ||   442
       Headbutt          |     8 |    26 |    49 |    21 ||   104
       Punch             |     1 |     2 |     3 |     5 ||    11
       Tailslap          |       |    13 |    36 |    14 ||    63
       Unarmed           |       |       |    51 |    79 ||   130
Invok: Lunge             |       |       |     3 |     8 ||    11
Evoke: Piece from Xom's  |       |     1 |    10 |       ||    11
  Use: Potion            |       |     2 |     3 |       ||     5
 Stab: Sleeping          |       |     1 |     1 |       ||     2
       Petrified         |       |     1 |     8 |       ||     9
       Petrifying        |       |     1 |       |       ||     1
       Distracted        |       |       |     1 |       ||     1
       Confused          |       |       |     1 |       ||     1
Armor: Leather armour    |    34 |    90 |    67 |    12 ||   203
Dodge: Dodged            |    55 |   129 |   163 |    46 ||   393

Table legend: (Time is in decaauts)
 A = Elapsed time spent in this place.
 B = Non-inter-level travel time spent in this place.
 C = Inter-level travel time spent in this place.
 D = Time resting spent in this place.
 E = Time spent auto-exploring this place.
 F = Levels seen in this place.
 G = Mean time per level.
                   A        B        C        D        E       F      G
               +--------+--------+--------+--------+--------+-----+--------+
         Total |   8489 |   8049 |    440 |    248 |   6376 |  10 |  848.9 |
       Dungeon |   8412 |   7997 |    415 |    248 |   6336 |   9 |  934.7 |
        Temple |     76 |     51 |     25 |      0 |     40 |   1 |   76.0 |
               +--------+--------+--------+--------+--------+-----+--------+

Top non-repeatable levels by time:
     D:7: 1448 daAuts
     D:6: 1226 daAuts
     D:5: 1094 daAuts
     D:2: 1014 daAuts
     D:4: 1013 daAuts
     D:8: 970 daAuts
     D:3: 840 daAuts
     D:1: 578 daAuts
     D:9: 226 daAuts
  Temple: 76 daAuts
